 Dungeon Crawl Stone Soup version 0.32-a0-918-g0f22ef8d61 (webtiles) character file.

Game seed: 3688117093802173108

10039856 NotBatman the Wrestler (level 27, 328/328 HPs)
             Began as a Troll Fighter on Apr 7, 2024.
             Was the Champion of Wu Jian.
             Escaped with the Orb
             ... and 10 runes on Apr 10, 2024!
             The game lasted 06:17:54 (70849 turns).

NotBatman the Wrestler (Troll Fighter)             Turns: 70849, Time: 06:17:54

Health: 328/328    AC: 40    Str: 31    XL:     27
Magic:  30/30      EV: 12    Int: 11    God:    Wu Jian [******]
Gold:   3092       SH: 32    Dex: 13    Spells: 40/51 levels left

rFire   + +          .
                       - Unarmed
rCold   + + .        n - +8 tower shield
rNeg    + . .        g - melded +6 storm dragon scales of Mumblety Peg {rElec rF+ rC+ rN+ Stlth--}
rPois   ∞            U - +5 hat of the Robin {Str-4 Int+3 Dex+2}
rElec   +            P - scarf {rC+ rF+}
rCorr   +            (gloves unavailable)
SInv    +            (boots unavailable)
Will    ++++.        K - amulet of the Scavenger {Reflect Str+5 SH+5}
Stlth   +            p - ring of Divine Compulsion {rC+ Will+ rCorr Stlth+}
HPRegen 3.14/turn    M - ring "Viuthryr" {rF++ Will+ Dex-4 SInv}
MPRegen 0.22/turn

%: reflection
@: statue-form, flying, studying Fire Magic, very slow
A: slow and powerful, torment resistance 1, boosted hp, large, unfitting armour,
claws 3, regeneration 3, (shaggy fur 1), (tough skin 1), frail 1, low MP 2,
screaming 2, weak 1, wild magic 1, heat vulnerability 1
0: Orb of Zot
}: 10/15 runes: serpentine, barnacled, slimy, silver, abyssal, demonic, glowing,
magical, fiery, dark
a: Begin Untransformation, Renounce Religion, Wall Jump, Serpent's Lash,
Heavenly Storm


You escaped.
You worshipped Wu Jian.
Wu Jian was exalted by your worship.
You were a living statue of rough stone.
You visited 12 branches of the dungeon, and saw 56 of its levels.
You visited Pandemonium 1 time, and saw 20 of its levels.
You visited the Abyss 2 times.
You also visited: Gauntlet.

You collected 9181 gold pieces.
You spent 6089 gold pieces at shops.

Inventory:

Missiles
 S - 17 silver javelins (quivered)
Armour
 g - the +6 storm dragon scales of Mumblety Peg (melded) {rElec rF+ rC+ rN+ Stlth--}
   (You found it on level 3 of the Depths)

   rF+:       It protects you from fire.
   rC+:       It protects you from cold.
   rElec:     It insulates you from electricity.
   rN+:       It protects you from negative energy.
   Stlth--:   It makes you much less stealthy.
 n - a +8 tower shield (worn)
 P - a scarf of resistance (worn)
 U - the +5 hat of the Robin (worn) {Str-4 Int+3 Dex+2}
   (You found it in a Gauntlet)

   Str-4:     It affects your strength (-4).
   Int+3:     It affects your intelligence (+3).
   Dex+2:     It affects your dexterity (+2).
Jewellery
 h - the ring of Jupnott {Will+ EV+5 Str+3}
   (You found it on level 5 of the Lair of Beasts)

   [ring of evasion]

   EV+5:      It affects your evasion (+5).
   Str+3:     It affects your strength (+3).
   Will+:     It increases your willpower.
 j - the amulet "Jokorch" {Regen+ RegenMP+ Int+3}
   (You took it off an ironbound convoker on level 1 of the Vaults)

   [amulet of magic regeneration]

   It increases your rate of magic regeneration.
   Int+3:     It affects your intelligence (+3).
   Regen+:    It increases your rate of health regeneration.
   RegenMP+:  It increases your rate of magic regeneration.
 p - the ring of Divine Compulsion (left claw) {rC+ Will+ rCorr Stlth+}
   (You took it off a wight on level 10 of the Dungeon)

   [ring of resist corrosion]

   rC+:       It protects you from cold.
   Will+:     It increases your willpower.
   rCorr:     It protects you from acid and corrosion.
   Stlth+:    It makes you more stealthy.
 A - the ring of the Original Sin {rC+ rN++ Will+ Int-4 Dex+4}
   (You found it on level 3 of the Crypt)

   [ring of willpower]

   Int-4:     It affects your intelligence (-4).
   Dex+4:     It affects your dexterity (+4).
   rC+:       It protects you from cold.
   rN++:      It greatly protects you from negative energy.
   Will+:     It increases your willpower.
 B - the ring "Kudgheot" {rF++ rC- rN++ rCorr Int+6 Dex-5}
   (You found it on level 3 of the Crypt)

   [ring of intelligence]

   Int+6:     It affects your intelligence (+6).
   Dex-5:     It affects your dexterity (-5).
   rF++:      It greatly protects you from fire.
   rC-:       It makes you vulnerable to cold.
   rN++:      It greatly protects you from negative energy.
   rCorr:     It protects you from acid and corrosion.
 K - the amulet of the Scavenger (around neck) {Reflect Str+5 SH+5}
   (You bought it in a shop on level 4 of the Vaults)

   [amulet of reflection]

   Reflect:   It reflects blocked missile attacks.
   Str+5:     It affects your strength (+5).
   SH+5:      It affects your SH (+5).
 M - the ring "Viuthryr" (right claw) {rF++ Will+ Dex-4 SInv}
   (You took it off a deep elf death mage on level 3 of the Elven Halls)

   [ring of willpower]

   Dex-4:     It affects your dexterity (-4).
   rF++:      It greatly protects you from fire.
   Will+:     It increases your willpower.
   SInv:      It lets you see invisible.
 Q - the ring "Jiryeb" {Ice rElec rN++ Str+3 SInv Stlth-}
   (You found it on level 3 of the Crypt)

   [ring of ice]

   Ice:       It enhances your ice magic.
   Str+3:     It affects your strength (+3).
   rF-:       It makes you vulnerable to fire.
   rC+:       It protects you from cold.
   rElec:     It insulates you from electricity.
   rN++:      It greatly protects you from negative energy.
   SInv:      It lets you see invisible.
   Stlth-:    It makes you less stealthy.
 W - the ring of Vanity {rPois rC+ rN+ rCorr}
   (You took it off a deep elf high priest on level 3 of the Crypt)

   [ring of protection from cold]

   rC+:       It protects you from cold.
   rPois:     It protects you from poison.
   rN+:       It protects you from negative energy.
   rCorr:     It protects you from acid and corrosion.
 Y - the ring "Biel" {+Blink Int+6 Dex+4}
   (You took it off an efreet in Pandemonium)

   [ring of intelligence]

   Int+6:     It affects your intelligence (+6).
   Dex+4:     It affects your dexterity (+4).
   +Blink:    It lets you blink.
Talismans
 u - a granite talisman (active)
 H - the death talisman "Igouney" {Fly rC+ Stlth+}
   (You found it on level 5 of the Pits of Slime)

   [talisman of death]

   rC+:       It protects you from cold.
   Fly:       It grants you flight.
   Stlth+:    It makes you more stealthy.
Wands
 l - a wand of acid (56)
 J - a wand of roots (53)
 R - a wand of flame (82)
 Z - a wand of digging (2)
Scrolls
 a - 7 scrolls of silence
 b - 2 scrolls of revelation
 d - 4 scrolls of teleportation
 f - 9 scrolls of fog
 o - 13 scrolls of poison
 s - 5 scrolls of noise
 t - a scroll of amnesia
 E - 7 scrolls of fear
 I - 5 scrolls of butterflies
 N - 10 scrolls of immolation
 O - 6 scrolls of blinking
Potions
 c - 4 potions of might
 i - 18 potions of curing
 k - 4 potions of haste
 m - 7 potions of mutation
 q - 2 potions of resistance
 r - a potion of ambrosia
 v - 10 potions of attraction
 w - 2 potions of heal wounds
 x - a potion of magic
 z - 10 potions of enlightenment
 D - 9 potions of brilliance
 F - 6 potions of lignification
 L - 5 potions of cancellation
 V - 4 potions of invisibility
Miscellaneous
 e - a phantom mirror
 y - a tin of tremorstones (2/2)
 C - a Gell's gravitambourine (2/2)
 G - the horn of Geryon
 T - a sack of spiders
 X - a lightning rod (4/4)


   Skills:
 - Level 18.1 Fighting
 + Level 8.9 Armour
 - Level 10.1 Dodging
 - Level 16.8 Shields
 - Level 24.4 Unarmed Combat
 + Level 12.6 Spellcasting
 + Level 22.8 Translocations
 + Level 9.7 Evocations
 - Level 23.3 Shapeshifting


You had 40 spell levels left.
You knew the following spells:

 Your Spells              Type           Power      Damage    Failure   Level
a - Blink                 Tloc           100%       N/A       1%          2
b - Lesser Beckoning      Tloc           100%       N/A       1%          2
c - Manifold Assault      Tloc           32%        N/A       2%          7

Your spell library contained the following spells:

 Spells                   Type           Power      Damage    Failure   Level
 Apportation              Tloc           100%       N/A       1%          1
 Momentum Strike          Conj/Tloc      82%        3d10      1%          2
 Maxwell's Portable Pile  Tloc           65%        2d(11-33) 1%          3
 Teleport Other           Tloc           65%        N/A       1%          3
 Volatile Blastmotes      Fire/Tloc      82%        2d16      1%          3
 Passage of Golubria      Tloc           65%        N/A       1%          4
 Dispersal                Tloc           32%        N/A       1%          6
 Gell's Gavotte           Tloc           32%        2d(25-38) 1%          6
 Dimensional Bullseye     Hex/Tloc       20%        N/A       3%          4
 Iskenderun's Mystic Bla Conj/Tloc 41%            2d9        (+2d5     3%          4
 Vhi's Electric Charge    Tloc/Air       82%        N/A       3%          4
 Summon Forest            Summ/Tloc      20%        N/A       8%          5
 Foxfire                  Conj/Fire      36%        2x1d5     24%         1
 Kiss of Death            Conj/Necr      36%        2d8       24%         1
 Magic Dart               Conj           36%        1d4       24%         1
 Necrotise                Necr           36%        1d5       24%         1
 Sandblast                Erth           18%        2d7       24%         1
 Shock                    Conj/Air       36%        1d5       24%         1
 Sting                    Conj/Alch      36%        1d5       24%         1
 Summon Small Mammal      Summ           36%        N/A       24%         1
 Cigotuvi's Dreadful Rot  Necr/Alch/Air  18%        N/A       34%         2
 Mercury Vapours          Alch/Air       18%        N/A       34%         2
 Scorch                   Fire           18%        2d5       34%         2
 Searing Ray              Conj           18%        2d5       34%         2
 Call Canine Familiar     Summ           9%         N/A       54%         3
 Confusing Touch          Hex            9%         N/A       54%         3
 Dazzling Flash           Conj/Hex       18%        N/A       54%         3
 Hailstorm                Conj/Ice       9%         3d6       54%         3
 Inner Flame              Hex/Fire       9%         N/A       54%         3
 Mephitic Cloud           Conj/Alch/Air  9%         N/A       54%         3
 Sigil of Binding         Hex            9%         N/A       54%         3
 Stone Arrow              Conj/Erth      18%        3d8       54%         3
 Summon Ice Beast         Ice/Summ       9%         N/A       54%         3
 Swiftness                Air            9%         N/A       54%         3
 Tukima's Dance           Hex            9%         N/A       54%         3
 Vampiric Draining        Necr           9%         2d6       54%         3
 Airstrike                Air            4%         2d(1-17)  90%         4
 Anguish                  Hex/Necr       4%         N/A       90%         4
 Animate Armour           Summ/Erth      18%        N/A       90%         4
 Animate Dead             Necr           9%         N/A       90%         4
 Brom's Barrelling Bould  Conj/Erth      9%         2d3       90%         4
 Cause Fear               Hex            4%         N/A       90%         4
 Dispel Undead            Necr           9%         3d8       90%         4
 Flame Wave               Conj/Fire      9%         2d6       90%         4
 Fulminant Prism          Conj/Alch      4%         3d5       90%         4
 Ignite Poison            Fire/Alch      9%         N/A       90%         4
 Leda's Liquefaction      Alch/Erth      4%         N/A       90%         4
 Martyr's Knell           Necr/Summ      9%         N/A       90%         4
 Olgreb's Toxic Radiance  Alch           9%         N/A       90%         4
 Petrify                  Alch/Erth      9%         N/A       90%         4
 Sticky Flame             Fire/Alch      9%         2d5       90%         4
 Summon Blazeheart Golem  Fire/Summ      9%         N/A       90%         4
 Summon Lightning Spire   Summ/Air       9%         N/A       90%         4
 Alistair's Intoxication  Alch           6%         N/A       99%         5
 Borgnjor's Vile Clutch   Necr/Erth      4%         N/A       99%         5
 Curse of Agony           Necr           9%         N/A       99%         5
 Fireball                 Conj/Fire      4%         3d4       99%         5
 Freezing Cloud           Conj/Ice/Air   4%         6-21      99%         5
 Irradiate                Conj/Alch      4%         3d13      99%         5
 Iskenderun's Battlesphe  Conj           9%         2d6       99%         5
 Lee's Rapid Deconstruct  Erth           4%         3d5*      99%         5
 Metabolic Englaciation   Hex/Ice        4%         N/A       99%         5
 Silence                  Hex/Air        4%         N/A       99%         5
 Summon Mana Viper        Hex/Summ       9%         N/A       99%         5
 Yara's Violent Unravell  Hex/Alch       4%         3d4       99%         5
 Conjure Ball Lightning   Conj/Air       4%         3x3d6     100%        6
 Death Channel            Necr           4%         N/A       100%        6
 Eringya's Noxious Bog    Alch           4%         4d6       100%        6
 Permafrost Eruption      Ice/Erth       4%         2x4d2     100%        6
 Plasma Beam              Fire/Air       4%         2x1d14    100%        6
 Sculpt Simulacrum        Ice/Alch       4%         N/A       100%        6
 Starburst                Conj/Fire      4%         6d4       100%        6
 Summon Cactus Giant      Summ           4%         N/A       100%        6
 Enfeeble                 Hex            4%         N/A       100%        7
 Haunt                    Necr/Summ      4%         N/A       100%        7
 Monstrous Menagerie      Summ           4%         N/A       100%        7
 Orb of Destruction       Conj           4%         9d5       100%        7
 Spellforged Servitor     Conj/Summ      4%         N/A       100%        7
 Ignition                 Fire           4%         3d4       100%        8
 Infestation              Necr           4%         N/A       100%        8
 Maxwell's Capacitive Co  Air            4%         ∞         100%        8
 Dragon's Call            Summ           4%         N/A       100%        9


Dungeon Overview and Level Annotations

Branches:
Dungeon (15/15)            Temple (0/1) D:7            Lair (5/5) D:10
 Shoals (4/4) Lair:2        Snake (4/4) Lair:3        Slime (5/5) Lair:4
    Orc (2/2) D:11            Elf (3/3) Orc:2        Vaults (5/5) D:14
  Crypt (3/3) Vaults:3       Tomb (0/3) Crypt:3      Depths (4/4) D:15
   Hell (visited)             Dis (0/7) Hell            Geh (0/7) Hell
    Coc (0/7) Hell            Tar (0/7) Hell            Zot (5/5) Depths:4
Gauntlet (visited)

Altars:
Ashenzari
Dithmenos
Elyvilon
Fedhas
Gozag
Hepliaklqana
Kikubaaqudgha
Makhleb
Nemelex Xobeh
Okawaru
Qazlal
Trog
Vehumet
Wu Jian
Xom
Zin
Jiyva

Shops:
D:5 !((![   D:13 !   D:14 (   Orc:1 :   Orc:2 =!(=   Elf:3 :   Shoals:1 !
Shoals:2 *   Shoals:4 [:**[!   Snake:4 ((=(   Vaults:1 [   Vaults:2 !
Vaults:3 ?   Vaults:4 (!**=

Portals:
Hell: Depths:1 Depths:2 Depths:3 Depths:4
Abyss: Depths:1 Depths:3 Depths:4
Pandemonium: Depths:2 Depths:3
Ziggurat: Depths:4

Annotations:
Lair:5 1 exclusion
Zot:5 1 exclusion


Innate Abilities, Weirdness & Mutations

You are a living statue of rough stone.
Your actions are slow, but your melee attacks are powerful.
You are resistant to unholy torment.
Your maximum health is greatly increased.
Your equipment is partially melded.
You are too large for most types of armour.
You are immune to poison.
You have claws for hands.
You regenerate.
((You are covered in fur. (AC +1)))
((You have tough skin. (AC +1)))
You are frail. (-10% HP)
Your magical capacity is very low. (-20% MP)
You frequently scream uncontrollably at your foes.
You are weak. (Str -2)
Your spells are a little harder to cast, but a little more powerful.
You are vulnerable to heat. (rF-)


Message History

The sun demon moves out of view. x2
There is a stone staircase leading up here.
Unknown command.
You fly upwards.
There is a stone staircase leading down here.
What level of the Dungeon? (default 1, ? - help)
Things that are here:
a +0 mace; an orc skeleton A Seynueps and a small abomination come into view.
You scream at the small abomination!
Casting: Manifold Assault (mildly dangerous; 2% risk of failure)
Confirm with . or Enter, or press ? or * to list all spells.
Space momentarily warps into an impossible shape!
You eviscerate Seynueps!!!!
You eviscerate the small abomination!!!!
You destroy the small abomination!
The Council accepts your kill.
Casting: Manifold Assault (mildly dangerous; 2% risk of failure)
Confirm with . or Enter, or press ? or * to list all spells.
Space momentarily warps into an impossible shape!
You mangle Seynueps!!
You kill Seynueps!
The Council accepts your kill.
Unknown command.
What level of the Dungeon? (default 1, ? - help)
There is a stone staircase leading up here.
You fly upwards.
There is a stone staircase leading down here.
There is a stone staircase leading up here.
You fly upwards.
There is a stone staircase leading down here.
You see here 4 poisoned darts.
Magic restored.
An Orb Guardian comes into view.
You lunge at the Orb Guardian.
You eviscerate the Orb Guardian!!!!!
You kill the Orb Guardian!
The Council accepts your kill.
Unknown command.
There is a staircase leading out of the dungeon here.
You have escaped!

#..........#####...........##
#[.........#####..#.....####
#...........#.....#.....# #
#.............##.##.....# ##
#.......................# #.
####....#########..###### ##.
#..............## #..
#..............# #######).
#........I.....# #......##
#..............# #......#ß
#...)..........# #......##
#....#########.# #......##
#..............# #†.....##
#....#######.#####......#ß
#....# #......†.....## ######
#####.########. #.# ###..


There were no monsters in sight!

Vanquished Creatures
  Cerebov (Pan)
  Mnoleg (Pan)
  Ignacio (Pan)
  the Royal Jelly (Slime:5)
  Lom Lobon (Pan)
  Gloorx Vloq (Pan)
  3 pandemonium lords
  A seraph (Pan)
  A dread lich (Depths:2)
  An ancient lich (Zot:5)
  6 orbs of fire
  Mennas (Vaults:4)
  A juggernaut (Depths:2)
  Sojobo (Depths:4)
  Parghit (Zot:3)
  Josephina (Depths:4)
  3 Killer Klowns (Zot:5)
  Boris (Crypt:2)
  Margery (Crypt:3)
  Saint Roka (Snake:2)
  Geryon (Hell)
  14 golden dragons
  3 curse toes (Zot:1)
  2 caustic shrikes
  the Enchantress (Depths:4)
  Norris (Vaults:3)
  Nikola (Shoals:1)
  3 bone dragons
  A hellephant (Crypt:3)
  26 tentacled monstrosities
  2 Brimstone Fiends (Pan)
  An iron giant (Depths:2)
  5 electric golems
  2 Tzitzimimeh (Pan)
  The ghost of Adott the Slayer, an adept MiFi of Gozag (Vaults:1)
  4 Hell Sentinels
  6 Ice Fiends (Pan)
  8 titans
  2 walking divine tomes (Depths:2)
  3 quicksilver dragons
  3 liches
  27 Orb Guardians
  A kraken (Shoals:2)
  3 deep elf blademasters
  13 acid blobs
  21 Executioners (Pan)
  6 sphinxes
  2 deep elf master archers (Elf:3)
  Polyphemus (Shoals:3)
  16 tentacled starspawn
  11 death cobs
  Kirke (Shoals:1)
  6 ancient champions
  8 tengu reavers
  A thorn hunter (Abyss:3)
  5 shadow dragons
  A fenstrider witch (Pan)
  Aizul (Snake:4)
  7 storm dragons
  Roxanne (Shoals:1)
  12 azure jellies
  11 demonspawn warmongers (Pan)
  5 daevas
  10 protean progenitors
  A revenant (Crypt:2)
  10 nagarajas
  10 rockslimes
  6 draconian knights
  5 draconian scorchers
  14 vault wardens
  13 draconian monks
  6 draconian shifters
  4 deep elf sorcerers
  13 fire giants
  2 orc warlords (Vaults:4)
  4 spectral caustic shrikes (Depths:1)
  6 iron dragons
  A juggernaut zombie (Hell)
  11 frost giants
  A caustic shrike zombie (Crypt:3)
  8 angels (Pan)
  4 ghouls (Crypt:2)
  A draconian stormcaller (Zot:1)
  27 balrugs
  6 deep elf elementalists (Elf:3)
  3 ghost moths
  21 cacodemons
  2 demonspawn corrupters (Pan)
  26 reapers
  6 curse skulls
  5 caustic shrike skeletons (Pan)
  20 ironbound preservers
  7 demonspawn blood saints (Pan)
  39 very ugly things
  17 stone giants
  7 draconian annihilators
  4 spriggan defenders
  9 quicksilver oozes
  3 juggernaut skeletons (Pan)
  5 formless jellyfish
  6 demonspawn black suns (Pan)
  10 ironbound thunderhulks
  11 ophanim (Pan)
  5 apis (Pan)
  22 green draconians
  4 deep elf death magi
  3 deep elf demonologists (Elf:3)
  23 vampire knights
  9 war gargoyles
  5 lorocyprocas
  Azrael (D:14)
  14 black draconians
  23 dire elephants
  8 deep elf annihilators
  9 red draconians
  8 spark wasps
  11 white draconians
  9 yellow draconians
  11 purple draconians
  6 merfolk javelineers (Shoals:4)
  A minotaur (Gauntlet)
  13 fire dragons
  12 ettins
  9 merfolk impalers
  8 green deaths
  13 jiangshi
  21 blizzard demons
  3 crystal guardians
  5 eidola
  3 deep elf high priests
  11 yaktaur captains
  13 great orbs of eyes
  An entropy weaver (Vaults:4)
  31 vault guards
  3 spriggan zombies
  9 rakshasas
  19 ice dragons
  3 hydras
  2 alligators (Zot:5)
  5 ironbound frosthearts
  2 peacekeepers
  2 ogre magi
  2 spriggan skeletons
  3 jorogumos (Pan)
  3 hell beasts (Pan)
  A caustic shrike simulacrum (Depths:4)
  9 spriggan air magi
  An alligator snapping turtle (Shoals:4)
  A merfolk avatar (Shoals:4)
  3 catoblepae
  4 radroaches
  11 anacondas
  7 merfolk aquamancers
  6 two-headed ogres
  31 dancing weapons
  7 deep troll shamans
  20 death yaks
  4 tengu warriors
  3 death knights
  16 centaur warriors
  7 boulder beetles
  10 hell hogs
  5 demonic crawlers
  2 thrashing horrors
  10 deep troll earth magi
  4 satyrs
  6 occultists
  11 spriggan berserkers
  10 vampire magi
  14 shock serpents
  12 naga warriors
  A titan zombie (Crypt:3)
  36 soul eaters
  13 naga sharpshooters
  A shock serpent (shapeshifter) (Vaults:5)
  71 sun demons
  4 hellephant skeletons (Pan)
  5 spriggans
  3 orc high priests (Orc:2)
  14 hell knights
  16 deep elf knights
  4 wretched stars (Abyss:3)
  12 iron trolls
  6 deep elf archers
  6 shadow wraiths
  3 salamander mystics
  36 skeletal warriors
  22 sixfirhies
  6 skysharks
  A bunyip zombie (Crypt:3)
  A sun moth (shapeshifter) (Depths:4)
  12 shadow demons (Pan)
  4 flayed ghosts
  15 sea snakes
  55 deep trolls
  5 mana vipers
  An orb spider (shapeshifter) (Depths:1)
  9 cherubim (Pan)
  2 deep trolls (shapeshifter)
  A quicksilver dragon simulacrum (Abyss:3)
  14 sun moths (Pan)
  A naga ritualist (Snake:1)
  A lightning spire (Abyss:3)
  7 glowing orange brains
  9 lindwurms
  3 bog bodies (Crypt:2)
  16 ironbound convokers
  6 arcanists
  4 thermic dynamos (Elf:1)
  A kraken simulacrum (Hell)
  An obsidian statue (Zot:5)
  12 necromancers
  44 phantasmal warriors
  21 deep elf pyromancers
  A jorogumo zombie (Crypt:1)
  27 deep elf zephyrmancers
  24 harpies
  11 orc knights
  2 iron dragon zombies
  3 obsidian bats
  A sphinx simulacrum (Depths:4)
  3 shining eyes
  2 anaconda skeletons
  A wolf spider (D:15)
  An alligator zombie (Crypt:3)
  6 fauns
  20 ugly things
  7 orc sorcerers
  2 will-o-the-wisps (Abyss:3)
  28 moths of wrath
  A meliai (shapeshifter) (D:15)
  2 shining eyes (shapeshifter)
  12 manticores
  13 cyclopes
  16 salamanders
  3 ice statues
  An eleionoma zombie (Crypt:1)
  32 large abominations
  An eye of devastation (Slime:5)
  2 moths of wrath (shapeshifter)
  6 kobold blastminers (Orc:2)
  A draconian skeleton (Crypt:1)
  5 merfolk sirens
  2 fire giant skeletons (Vaults:3)
  An iron dragon skeleton (Crypt:1)
  A toenail golem (Zot:4)
  3 dire elephant zombies
  2 salamanders (shapeshifter)
  3 Executioner simulacra (Pan)
  A naga zombie (Crypt:3)
  27 black mambas
  7 guardian serpents
  11 rust devils
  An elephant (shapeshifter) (Abyss:3)
  22 vault sentinels
  2 apocalypse crabs (Abyss:3)
  16 elephants
  4 molten gargoyles (Hell)
  38 smoke demons
  4 water nymphs
  A naga skeleton (Abyss:3)
  4 torpor snails
  22 orange demons
  15 naga magi
  A formless jellyfish zombie (Crypt:2)
  Jeremiah (D:6)
  A torpor snail (shapeshifter) (Depths:1)
  12 cane toads
  A centaur skeleton (Crypt:2)
  5 unseen horrors
  A shock serpent skeleton (Crypt:2)
  A gargoyle (D:11)
  2 storm dragon simulacra (Depths:4)
  9 hellions
  5 rime drakes
  9 efreet
  11 freezing wraiths
  4 tengu conjurers
  A sea snake zombie (Hell)
  7 ice devils (Pan)
  15 yaktaurs
  A purple draconian zombie (Crypt:3)
  A harpy zombie (Abyss:3)
  7 komodo dragons
  42 merfolk
  A merfolk (shapeshifter) (Depths:4)
  5 tormentors
  2 polar bears (Lair:5)
  11 red devils
  8 ancient zymes (Abyss:3)
  2 hydra zombies
  19 hellwings
  2 tyrant leeches (Pan)
  4 trolls
  An iron troll skeleton (Crypt:2)
  7 wind drakes
  6 hornets
  A harpy skeleton (Crypt:3)
  12 blink frogs
  26 raiju
  An iron dragon simulacrum (Depths:4)
  11 dream sheep
  2 hydra skeletons
  5 glass eyes
  A radroach zombie (Crypt:3)
  11 snapping turtles
  68 slime creatures
  A stone giant simulacrum (Crypt:1)
  A meliai zombie (Crypt:3)
  A centaur simulacrum (D:15)
  A tarantella zombie (Crypt:2)
  An ettin skeleton (Vaults:3)
  A shadow (Abyss:3)
  An elf skeleton (Vaults:3)
  24 ynoxinuls
  2 air elementals
  2 hogs (Lair:2)
  18 water elementals
  4 vampires
  46 yaks
  A dire elephant simulacrum (Hell)
  6 wyverns
  3 basilisks
  18 wraiths
  A fire bat (Abyss:3)
  8 golden eyes
  4 wargs
  17 neqoxecs
  47 starcursed masses
  A basilisk (shapeshifter) (D:14)
  4 steam dragons
  7 fire elementals
  6 vampire mosquitoes
  Edmund (D:6)
  A sea snake simulacrum (Hell)
  3 swamp worms (Gauntlet)
  19 chaos spawn
  15 small abominations
  49 nagas
  14 water moccasins
  3 acid dragons (D:11)
  A cane toad zombie (Crypt:3)
  2 hell hounds (D:14)
  2 hydra simulacra
  Duvessa (D:6)
  An entropy weaver zombie (Crypt:3)
  3 ice beasts
  A glowing shapeshifter skeleton (Crypt:2)
  A two-headed ogre skeleton (Crypt:2)
  A black bear (D:6)
  16 orc warriors
  36 laughing skulls
  A swamp drake (D:11)
  A hornet zombie (Crypt:1)
  28 wolves
  5 centaurs
  6 ogres
  A snapping turtle skeleton (Crypt:2)
  3 weeping skulls (Abyss:3)
  A phantom (D:6)
  7 kobold brigands
  7 brain worms
  9 bullfrogs
  3 gnoll sergeants
  3 earth elementals
  4 scorpions
  2 yaktaur skeletons
  9 human skeletons
  3 jellies
  9 wights
  A polar bear zombie (Crypt:1)
  Dowan (D:6)
  A polar bear skeleton (Crypt:1)
  6 electric eels (D:10)
  2 howler monkeys
  A crimson imp (D:8)
  4 quasits (Abyss:3)
  2 iron imps (Abyss:3)
  A hound (D:3)
  A human zombie (Crypt:3)
  3 gnoll boudas
  13 orc priests
  2 iguanas (D:4)
  3 sleepcaps
  24 orc wizards
  A boggart skeleton (Crypt:1)
  29 gnolls
  8 adders
  4 river rats (D:7)
  2 shadow imps (Gauntlet)
  5 white imps
  6 ufetubi
  An iguana skeleton (Crypt:2)
  3 dart slugs
  3 ribbon worms
  59 orcs
  2 endoplasms
  5 giant cockroaches
  5 goblins
  13 hobgoblins
  6 jackals
  27 kobolds
  7 quokkas
  6 ball pythons
  2 bats
  3 frilled lizards
  A kobold skeleton (Crypt:1)
  7 rats
  3 aspiring fleshes
  5 fire vortices (Pan)
  A lurking horror (Abyss:3)
  12 starspawn tentacles
  5 tentacles
3289 creatures vanquished.

Vanquished Creatures (collateral kills)
  A jorogumo (Pan)
  4 ball lightnings (Pan)
5 creatures vanquished.

Vanquished Creatures (others)
  3 walking frostbound tomes (Pan)
  2 eldritch tentacles (Pan)
  A draconian knight (Zot:1)
  A fire giant (Depths:3)
  A demonspawn blood saint (Pan)
  A green death (Abyss:3)
  A merfolk impaler (Shoals:4)
  A dancing weapon (Elf:1)
  A soul eater (Pan)
  2 deep elf knights
  A sun demon (Hell)
  A salamander (Zot:1)
  A merfolk (Shoals:4)
  2 snapping turtles (Shoals:4)
  A vampire (D:11)
  A water elemental (Shoals:3)
  A human (Shoals:1)
  A yak (D:6)
  A golden eye (Abyss:3)
  A neqoxec (Pan)
  A weeping skull (Abyss:3)
  A small abomination (Abyss:3)
  3 wights (Abyss:3)
  2 ball lightnings (Pan)
  2 fire vortices (Pan)
  4 foxfires (Abyss:3)
  A lurking horror (Abyss:3)
  38 starspawn tentacles
  11 tentacles
88 creatures vanquished.

Grand Total: 3382 creatures vanquished

Notes
Turn   | Place    | Note
-------+----------+-------------------------------------------
     0 | D:1      | NotBatman the Troll Fighter began the quest for the Orb.
     0 | D:1      | Reached XP level 1. HP: 22/22 MP: 0/0
   177 | D:1      | Reached XP level 2. HP: 29/29 MP: 1/1
   474 | D:1      | Reached XP level 3. HP: 36/36 MP: 2/2
   746 | D:2      | Found a faded altar of an unknown god.
  1240 | D:2      | Reached XP level 4. HP: 43/44 MP: 3/3
  1499 | D:3      | You are sucked into a shaft and drop 3 floors!
  1531 | D:6      | Noticed a scorpion
  1556 | D:6      | Noticed Duvessa
  1557 | D:6      | Noticed Dowan
  1590 | D:5      | Entered Level 5 of the Dungeon
  1590 | D:5      | Noticed a gnoll sergeant
  1616 | D:4      | Reached skill level 3 in Unarmed Combat
  1649 | D:4      | Found an ornate altar of the Wu Jian Council.
  1651 | D:4      | Reached XP level 5. HP: 52/53 MP: 4/4
  1656 | D:4      | Became a worshipper of the Wu Jian Council
  2551 | D:4      | Reached * piety under Wu Jian
  3081 | D:4      | Reached XP level 6. HP: 53/61 MP: 5/5
  3093 | D:4      | Identified the +4 sling of Weak Offence {elec, rF+ Int+2
                  | Dex-5}
  3655 | D:5      | Reached skill level 4 in Unarmed Combat
  3757 | D:5      | Reached XP level 7. HP: 68/68 MP: 6/6
  3783 | D:5      | Found a bloodstained altar of Trog.
  3784 | D:5      | Found a sparkling altar of Nemelex Xobeh.
  3808 | D:5      | Found Ruahomo's Antique Armour Shop.
  3878 | D:5      | Found Fyrch's Distillery.
  3879 | D:5      | Found Hul Jaen's Antique Weapon Boutique.
  3991 | D:5      | Found Zicsio's Antique Weapon Shoppe.
  4027 | D:5      | Found a hazy altar of Hepliaklqana.
  4135 | D:5      | Found Lotukhuk's Distillery.
  4294 | D:6      | Noticed a steam dragon
  4300 | D:6      | Noticed a yak
  4305 | D:6      | Killed a steam dragon
  4307 | D:6      | Killed a yak
  4359 | D:6      | Noticed a yak
  4360 | D:6      | Noticed a yak
  4371 | D:6      | Killed a yak
  4376 | D:6      | Killed a yak
  4377 | D:6      | Reached skill level 5 in Shields
  4377 | D:6      | Reached skill level 5 in Unarmed Combat
  4377 | D:6      | Reached XP level 8. HP: 73/79 MP: 7/7
  4467 | D:6      | Reached skill level 5 in Fighting
  4467 | D:6      | Reached skill level 5 in Dodging
  4489 | D:6      | Noticed Edmund
  4503 | D:6      | Killed Edmund
  4669 | D:6      | Noticed Jeremiah
  4795 | D:6      | Killed Jeremiah
  4796 | D:6      | Reached skill level 6 in Unarmed Combat
  5108 | D:6      | Killed Dowan
  5116 | D:6      | Killed Duvessa
  5117 | D:6      | Reached XP level 9. HP: 83/88 MP: 8/8
  5329 | D:7      | Identified the +10 quarterstaff "Ufuf" {venom, rC+}
  5392 | D:7      | Reached ** piety under Wu Jian
  5595 | D:7      | Reached skill level 7 in Unarmed Combat
  6081 | D:7      | Found a staircase to the Ecumenical Temple.
  6656 | D:8      | Reached *** piety under Wu Jian
  6735 | D:8      | Reached skill level 8 in Unarmed Combat
  6905 | D:8      | Identified the +0 ring mail of Disaster {Rampage Will+
                  | Str+4}
  7078 | D:8      | Found a burning altar of Makhleb.
  7079 | D:8      | Found a shimmering altar of Xom.
  7428 | D:9      | Reached skill level 9 in Unarmed Combat
  7451 | D:9      | Reached XP level 10. HP: 99/100 MP: 9/9
  7481 | D:9      | Reached skill level 10 in Unarmed Combat
  7778 | D:9      | Reached skill level 11 in Unarmed Combat
  8064 | D:9      | Reached **** piety under Wu Jian
  8191 | D:9      | Noticed a three-headed hydra
  8778 | D:10     | Entered Level 10 of the Dungeon
  8778 | D:10     | Found a stormy altar of Qazlal.
  8802 | D:10     | Found a shadowy altar of Dithmenos.
  8871 | D:10     | Found a blossoming altar of Fedhas.
  8881 | D:10     | Found a glowing silver altar of Zin.
  8884 | D:10     | Found a white marble altar of Elyvilon.
  8887 | D:10     | Found an iron altar of Okawaru.
  9233 | D:10     | Reached skill level 12 in Unarmed Combat
  9838 | D:10     | Found a staircase to the Lair.
  9845 | D:10     | Found a radiant altar of Vehumet.
  9866 | D:10     | Identified the ring of Divine Compulsion {rC+ Will+ rCorr
                  | Stlth+}
  9873 | D:10     | Reached XP level 11. HP: 102/109 MP: 10/10
 10265 | D:10     | Found a broken altar of Ashenzari.
 10278 | D:10     | Identified the staff of Solaox {rF+ Stlth+ Ice Earth}
 10532 | Lair:1   | Entered Level 1 of the Lair of Beasts
 10669 | Lair:1   | Reached skill level 13 in Unarmed Combat
 11200 | Lair:1   | Noticed a lindwurm
 11237 | Lair:2   | Found a staircase to the Shoals.
 11405 | Lair:1   | Killed a lindwurm
 11499 | Lair:2   | Reached skill level 14 in Unarmed Combat
 11618 | Lair:2   | Identified the +1 cloak of Winter {Str+2}
 11710 | Lair:2   | Got the Reference Book on Cinders and Doom
 11816 | Lair:2   | Learned a level 2 spell: Blink
 11819 | Lair:2   | Learned a level 2 spell: Lesser Beckoning
 12217 | Lair:2   | Noticed a seven-headed hydra
 12229 | Lair:2   | Killed a nine-headed hydra
 12595 | Lair:2   | Reached skill level 1 in Translocations
 12595 | Lair:2   | Reached XP level 12. HP: 120/120 MP: 11/11
 12604 | Lair:3   | Noticed a death yak
 12604 | Lair:3   | Noticed a death yak
 12616 | Lair:3   | Killed a death yak
 12621 | Lair:3   | Killed a death yak
 12622 | Lair:3   | Reached skill level 15 in Unarmed Combat
 12622 | Lair:3   | Reached skill level 1 in Spellcasting
 12696 | Lair:3   | Noticed a catoblepas
 12712 | Lair:3   | Reached ***** piety under Wu Jian
 12794 | Lair:3   | Killed a catoblepas
 13306 | Lair:3   | Found a staircase to the Snake Pit.
 14096 | Lair:4   | Found a viscous altar of Jiyva.
 14097 | Lair:4   | Found a staircase to the Slime Pits.
 14412 | Lair:5   | Entered Level 5 of the Lair of Beasts
 14554 | Lair:5   | Reached XP level 13. HP: 126/130 MP: 15/15
 14577 | Lair:5   | Reached skill level 16 in Unarmed Combat
 14606 | Lair:4   | Reached skill level 1 in Shapeshifting
 15368 | Lair:5   | Identified the ring of Jupnott {Will+ EV+5 Str+3}
 15390 | Lair:5   | Reached skill level 10 in Shields
 15974 | Lair:5   | Reached XP level 14. HP: 118/140 MP: 17/17
 16003 | Lair:5   | Reached ****** piety under Wu Jian
 16114 | Lair:5   | Identified the staff "Benagg" {rF+ rC- Dex+4 Conj}
 16164 | Lair:5   | Reached skill level 17 in Unarmed Combat
 17527 | D:11     | Found a staircase to the Orcish Mines.
 17779 | Orc:1    | Entered Level 1 of the Orcish Mines
 17950 | Orc:1    | Found Kiaga's Book Shop.
 18030 | Orc:2    | Entered Level 2 of the Orcish Mines
 18040 | Orc:2    | Found a staircase to the Elven Halls.
 18405 | Orc:2    | Found Poexusk's Jewellery Shop.
 18405 | Orc:2    | Found Bouk's Antique Weapon Shop.
 18406 | Orc:2    | Found Woocsihahea's Jewellery Shoppe.
 18407 | Orc:2    | Reached skill level 10 in Fighting
 18407 | Orc:2    | Reached skill level 10 in Dodging
 18416 | Orc:2    | Reached skill level 5 in Translocations
 18511 | Orc:2    | Found Etaoneaf's Distillery.
 18548 | Orc:2    | Bought a granite talisman for 780 gold pieces
 18571 | Orc:2    | Bought an amulet of reflection for 300 gold pieces
 19071 | Shoals:1 | Entered Level 1 of the Shoals
 19088 | Shoals:1 | Noticed Kirke
 19089 | Shoals:1 | Noticed Nikola
 19103 | Lair:2   | Reached skill level 5 in Shapeshifting
 20336 | D:13     | Found Mokastrou's Distillery.
 20350 | D:13     | Bought a potion of heal wounds for 60 gold pieces
 20542 | D:13     | Found a gate leading to a gauntlet.
 20547 | Gauntlet | Entered a Gauntlet
 20547 | Gauntlet | Found a transporter.
 20547 | Gauntlet | Found a transporter.
 20551 | Gauntlet | Found a transporter.
 20552 | Gauntlet | Found a transporter.
 20563 | Gauntlet | Found a transporter.
 20565 | Gauntlet | Found a transporter.
 20577 | Gauntlet | Found a transporter.
 20580 | Gauntlet | Found a transporter.
 20601 | Gauntlet | Found a transporter.
 20603 | Gauntlet | Found a transporter.
 20613 | Gauntlet | Found a transporter.
 20617 | Gauntlet | Found a transporter.
 20806 | Gauntlet | Reached XP level 15. HP: 134/134 MP: 18/18
 20952 | Gauntlet | Identified the +4 morningstar "Mirerph" {spect, Int+5}
 20952 | Gauntlet | Identified the +5 ring mail of Pragmatism {rElec rN+ Str+4
                  | Slay-2}
 20999 | Gauntlet | Identified the +5 hat of the Robin {Str-4 Int+3 Dex+2}
 21005 | Gauntlet | Got Xibuc's Encyclopedia of Space and Spelunking
 21315 | D:13     | Found an opulent altar of Gozag.
 21722 | D:14     | Noticed Azrael
 21743 | D:14     | Killed Azrael
 22265 | D:14     | Found Doillut's Weapon Emporium.
 22377 | D:14     | Found an iron altar of Okawaru.
 22587 | D:14     | Found a gate to the Vaults.
 22753 | D:15     | Entered Level 15 of the Dungeon
 22876 | D:15     | Reached skill level 10 in Shapeshifting
 22915 | D:15     | Found a staircase to the Depths.
 22951 | D:15     | Identified the +8 morningstar of Discomfort {heavy, Int+3}
 23391 | D:15     | Found a stormy altar of Qazlal.
 24127 | Snake:1  | Entered Level 1 of the Snake Pit
 24299 | Snake:1  | Identified a scroll of acquirement
 24300 | Snake:1  | Acquired a talisman of death
 24527 | Snake:1  | Got Kikubaaqudgha's Handbook of Maleficent Deeds
 24943 | Snake:2  | Reached XP level 16. HP: 72/158 MP: 19/19
 24988 | Snake:2  | Identified the +3 dire flail "Quppog" {drain, rElec rN+}
 25170 | Snake:2  | Noticed Saint Roka
 25330 | Snake:2  | Killed Saint Roka
 26475 | Shoals:1 | Killed Nikola
 26479 | Shoals:1 | Killed Kirke
 26518 | Shoals:1 | Identified the +2 quarterstaff "Bateho" {pain, rPois Dex+3}
 26599 | Shoals:1 | Noticed Roxanne
 26612 | Shoals:1 | Killed Roxanne
 26640 | Shoals:1 | Reached skill level 15 in Shapeshifting
 26646 | Shoals:1 | Bought a potion of resistance for 120 gold pieces
 27047 | Shoals:2 | Noticed a kraken
 27059 | Shoals:2 | Killed a kraken
 27544 | Shoals:2 | Found Oniav's Gadget Gallery.
 27550 | Shoals:2 | Bought a phantom mirror for 600 gold pieces
 27699 | Shoals:3 | Noticed Polyphemus
 27709 | Shoals:3 | Killed Polyphemus
 27947 | Shoals:3 | Reached XP level 17. HP: 166/166 MP: 20/20
 28220 | Shoals:4 | Entered Level 4 of the Shoals
 28220 | Shoals:4 | Found Jiate's Antique Armour Shoppe.
 28341 | Shoals:4 | Found Cegaasit's Distillery.
 28398 | Shoals:4 | Found Pysois's Overcharged Wands.
 28445 | Shoals:4 | Found Bimnodwo's Assorted Antiques.
 28465 | Shoals:4 | Reached skill level 18 in Unarmed Combat
 28986 | Shoals:4 | Got a barnacled rune of Zot
 29120 | Shoals:4 | Found Jiesk's Book Shoppe.
 29186 | Shoals:4 | Found Udghemp's Armour Shoppe.
 29693 | Snake:4  | Entered Level 4 of the Snake Pit
 30046 | Snake:4  | Found a bloodstained altar of Trog.
 30066 | Snake:4  | Identified the serpent talisman of Amorality {rN+}
 30066 | Snake:4  | Noticed Aizul
 30069 | Snake:4  | Killed Aizul
 30086 | Snake:4  | Reached XP level 18. HP: 179/179 MP: 21/21
 30210 | Snake:4  | Found Lizxeu's Weapon Shop.
 30213 | Snake:4  | Found Jocaas's Jewellery Shop.
 30213 | Snake:4  | Found Suthrahou's Weapon Boutique.
 30220 | Snake:4  | Found Canivop's Antique Weapon Boutique.
 30538 | Snake:4  | Got a serpentine rune of Zot
 31227 | Vaults:1 | Entered Level 1 of the Vaults
 31275 | Vaults:1 | Found Zabli's Antique Armour Emporium.
 31321 | Vaults:1 | Reached skill level 19 in Unarmed Combat
 31736 | Vaults:1 | Found a runed translucent door.
 31738 | Vaults:1 | Noticed Adott's ghost (adept MiFi)
 32020 | Vaults:1 | Identified the amulet "Jokorch" {Regen+ RegenMP+ Int+3}
 32087 | Vaults:1 | Identified the +0 cloak "Ihemakuu" {*Corrode Dex+8}
 32269 | Vaults:1 | Reached XP level 19. HP: 191/191 MP: 22/22
 32505 | Vaults:1 | Killed Adott's ghost
 32511 | Vaults:1 | Identified the +1 shortbow "Qoubroe" {flame, Stlth+}
 32980 | Vaults:2 | Found Iddim's Distillery.
 33363 | Vaults:2 | Identified the +0 leather armour "Pewk" {Regen+ Dex+4}
 33535 | Vaults:2 | Identified the +9 mace "Jellyslayer" {holy, Str+2 SInv
                  | Stlth+}
 33778 | Vaults:3 | Reached skill level 20 in Unarmed Combat
 33784 | Vaults:3 | Found a staircase to the Crypt.
 34129 | Vaults:3 | Noticed Norris
 34152 | Vaults:3 | Killed Norris
 34442 | Vaults:3 | Found Comm's Magic Scroll Boutique.
 34752 | Vaults:4 | Found Bokuofer's Distillery.
 34756 | Vaults:4 | Found Nuaghes's Weapon Boutique.
 34785 | Vaults:4 | Reached XP level 20. HP: 180/204 MP: 23/23
 34848 | Vaults:4 | Bought a potion of heal wounds for 90 gold pieces
 34848 | Vaults:4 | Bought a potion of heal wounds for 90 gold pieces
 34990 | Vaults:4 | Identified the staff of Dullness {*Slow rPois MP+9 Str+4
                  | Alchemy}
 35030 | Vaults:4 | Identified the +1 robe of Laqyoxel {rElec rPois rCorr}
 35034 | Vaults:4 | Got Turoottu's Catalogue of Damage
 35113 | Vaults:4 | Found Pyj Peul's Assorted Antiques.
 35164 | Vaults:4 | Found Jaily's Jewellery Shoppe.
 35172 | Vaults:4 | Bought the amulet of the Scavenger {Reflect Str+5 SH+5} for
                  | 807 gold pieces
 35434 | Vaults:4 | Found Nasuek's Assorted Antiques.
 35592 | Vaults:4 | Noticed Mennas
 35597 | Vaults:4 | Reached skill level 15 in Shields
 35602 | Vaults:4 | Killed Mennas
 36114 | Depths:1 | Entered Level 1 of the Depths
 36389 | Depths:1 | Noticed a caustic shrike
 36394 | Depths:1 | Killed a caustic shrike
 36419 | Depths:1 | Got the Cyclopedia of Relocation and Malevolent Secrets
 36425 | Depths:1 | Identified the staff "Nieddoyre" {rElec rC+ Conj Air}
 36497 | Depths:1 | Found a gateway to Hell.
 36624 | Depths:1 | Reached skill level 21 in Unarmed Combat
 36832 | Depths:1 | Found a one-way gate to the infinite horrors of the Abyss.
 37256 | Depths:1 | Found a broken altar of Ashenzari.
 37290 | Depths:2 | Noticed a juggernaut
 37302 | Depths:2 | Killed a juggernaut
 37314 | Depths:2 | Reached XP level 21. HP: 215/215 MP: 24/24
 37339 | Depths:2 | Noticed a caustic shrike
 37341 | Depths:2 | Killed a caustic shrike
 37352 | Depths:2 | Noticed a golden dragon
 37354 | Depths:2 | Killed a golden dragon
 37545 | Depths:2 | Gained mutation: You have hidden genetic defects. [a
                  | cacodemon]
 37633 | Depths:2 | Gained mutation: You occasionally lose the ability to drink
                  | potions when taking damage. [a cacodemon]
 37749 | Depths:2 | Noticed a dread lich
 37759 | Depths:2 | Killed a dread lich
 37878 | Depths:2 | Noticed a golden dragon
 38040 | Depths:2 | Reached skill level 15 in Fighting
 38124 | Depths:2 | Noticed a golden dragon
 38137 | Depths:2 | Killed a golden dragon
 38145 | Depths:2 | Gained mutation: Your magical capacity is low. (-10% MP)
                  | [hidden defects]
 38331 | Depths:2 | Found a one-way gate leading to the halls of Pandemonium.
 38401 | Depths:2 | Killed a golden dragon
 38588 | Depths:2 | Identified the +11 glaive of Wain {drain, rN+ Stlth+}
 38748 | Hell     | Entered the Vestibule of Hell
 38748 | Hell     | Noticed Geryon
 38791 | Depths:3 | Noticed a golden dragon
 38809 | Depths:3 | Gained mutation: You are clumsy. (Dex -2) [hidden defects]
 38809 | Depths:3 | Lost mutation: You have hidden genetic defects. [hidden
                  | defects expressed]
 39046 | Depths:3 | Reached XP level 22. HP: 228/228 MP: 23/23
 39098 | Depths:3 | Reached skill level 22 in Unarmed Combat
 39147 | Depths:3 | Found a stormy altar of Qazlal.
 39259 | Depths:3 | Identified the +6 fire dragon scales "Halacoma" {Harm
                  | Rampage rElec rF++ rC- rN+ Will+ Stlth--}
 39260 | Depths:3 | Identified the staff of Qeunnece {+Blink MP+9 Str+2 Dex+3
                  | Stlth-- Air Earth}
 39262 | Depths:3 | Identified the +6 fire dragon scales of the Snake Pit {Harm
                  | rElec rF++ rC- rCorr Stlth--}
 39263 | Depths:3 | Identified the +6 storm dragon scales of Mumblety Peg
                  | {rElec rF+ rC+ rN+ Stlth--}
 39352 | Depths:3 | Killed a golden dragon
 39910 | Depths:4 | Entered Level 4 of the Depths
 39939 | Depths:4 | Found a gate to the Realm of Zot.
 39999 | Depths:4 | Noticed Sojobo
 40004 | Depths:4 | Paralysed by an air elemental for 1 turns
 40010 | Depths:4 | Paralysed by an air elemental for 1 turns
 40087 | Depths:4 | Killed Sojobo
 40105 | Depths:4 | Identified the ring of Fydilod {Ice rElec}
 40105 | Depths:4 | Noticed Josephina
 40112 | Depths:4 | Killed Josephina
 40194 | Depths:4 | Found a one-way gateway to a ziggurat.
 40194 | Depths:4 | Identified the +8 long sword of Res Nullius {drain, *Rage
                  | rCorr MP+9}
 40389 | Depths:4 | Noticed the Enchantress
 40866 | Depths:4 | Killed the Enchantress
 41582 | Vaults:3 | Bought a scroll of blinking for 82 gold pieces
 42145 | Elf:1    | Entered Level 1 of the Elven Halls
 42595 | Elf:1    | Found an ancient bone altar of Kikubaaqudgha.
 42710 | Elf:1    | Identified the ring "Joettank" {Fire Will+ Int+4 Dex+2}
 43118 | Elf:2    | Identified the +3 ring mail of the Merwolf {Dex+3}
 43125 | Elf:2    | Found a radiant altar of Vehumet.
 43128 | Elf:2    | Reached skill level 23 in Unarmed Combat
 43130 | Elf:2    | Paralysed by an air elemental for 1 turns
 43132 | Elf:2    | Paralysed by an air elemental for 1 turns
 43139 | Elf:2    | Reached XP level 23. HP: 241/241 MP: 24/24
 43348 | Elf:2    | Found a runed translucent gate.
 43349 | Elf:2    | Found a runed translucent gate.
 43349 | Elf:2    | Found a runed translucent gate.
 43698 | Elf:3    | Entered Level 3 of the Elven Halls
 43836 | Elf:3    | Found Muhiajea's Self-Published Books.
 44730 | Elf:3    | Reached skill level 1 in Evocations
 44888 | Elf:3    | Found the +12 glaive of Prune {freeze, Prune}
 44937 | Elf:3    | Identified the amulet "Koyge Margh" {rF++ Regen+}
 44943 | Elf:3    | Identified the +6 scimitar "Xeatis" {freeze, rC- rN+++
                  | Will+++ Str-4}
 44943 | Elf:3    | Identified the ring "Viuthryr" {rF++ Will+ Dex-4 SInv}
 45023 | Elf:3    | Identified the ring "Kokuap" {+Blink EV+5}
 45038 | Elf:3    | Identified the ring "Ranic" {rN+ rCorr Slay+3}
 45055 | Elf:3    | Identified the +0 buckler "Caac" {rPois Int+3}
 45524 | Crypt:1  | Entered Level 1 of the Crypt
 46165 | Crypt:2  | Identified the +3 robe "Kusik" {rPois rC- Int+2 Archmagi}
 46165 | Crypt:2  | Noticed Boris
 46167 | Crypt:2  | Killed Boris
 47045 | Crypt:3  | Entered Level 3 of the Crypt
 47064 | Crypt:3  | Identified the ring of Vanity {rPois rC+ rN+ rCorr}
 47070 | Crypt:3  | Noticed Margery
 47084 | Crypt:3  | Reached XP level 24. HP: 203/254 MP: 24/24
 47088 | Crypt:3  | Killed Margery
 47740 | Crypt:3  | Reached skill level 24 in Unarmed Combat
 47773 | Crypt:3  | Found an ancient bone altar of Kikubaaqudgha.
 47858 | Crypt:3  | Identified the ring "Kudgheot" {rF++ rC- rN++ rCorr Int+6
                  | Dex-5}
 47858 | Crypt:3  | Identified the ring "Jiryeb" {Ice rElec rN++ Str+3 SInv
                  | Stlth-}
 47858 | Crypt:3  | Identified the ring of the Original Sin {rC+ rN++ Will+
                  | Int-4 Dex+4}
 47989 | Crypt:3  | Identified the staff "Diw Xud" {rN+ Int+3 Necro Air}
 47991 | Crypt:3  | Got the Grimoire of the Merwolf
 48076 | Crypt:3  | Found a staircase to the Tomb.
 48839 | Elf:3    | Bought Sif Muna's Volume of Weird Science for 1692 gold
                  | pieces
 48847 | Elf:3    | Learned a level 7 spell: Manifold Assault
 49273 | Vaults:5 | Entered Level 5 of the Vaults
 49295 | Vaults:5 | Gained mutation: You occasionally lose the ability to read
                  | scrolls when taking damage. [a shining eye]
 49423 | Vaults:5 | Reached skill level 10 in Translocations
 49430 | Vaults:5 | Reached XP level 25. HP: 265/265 MP: 24/24
 49482 | Vaults:5 | Identified the +5 dagger of NotBatman's Terror {elec, Fly
                  | rF+ Stlth+}
 49720 | Vaults:5 | Identified the +4 swamp dragon scales "Eruts" {rPois Str+2
                  | Int+3 Stlth+}
 49930 | Vaults:5 | Identified the ring of the Shining Light {Ice rN+ rCorr}
 49983 | Vaults:5 | Got the Secrets of Flame
 49984 | Vaults:5 | Identified the +9 hand axe "Sevva" {venom, rPois rF+ rC+
                  | Str+3}
 49985 | Vaults:5 | Identified the staff of the Unstoppable Tales {rF- rCorr
                  | Int+7 Conj Tloc}
 50062 | Vaults:5 | Identified the ring "Plog" {rPois rN+ rCorr Int+3 Dex+2}
 50141 | Vaults:5 | Got a silver rune of Zot
 50306 | Vaults:5 | Identified the staff of Superiority {Fly rPois rC- Str+7
                  | Alchemy}
 50307 | Vaults:5 | Identified the +7 chain mail of Noon {rC+}
 50426 | Vaults:5 | Lost mutation: You occasionally lose the ability to drink
                  | potions when taking damage. [potion of mutation]
 50426 | Vaults:5 | Lost mutation: Your magical capacity is low. (-10% MP)
                  | [potion of mutation]
 50426 | Vaults:5 | Lost mutation: You occasionally lose the ability to read
                  | scrolls when taking damage. [potion of mutation]
 50426 | Vaults:5 | Gained mutation: You heal very quickly. [potion of
                  | mutation]
 50426 | Vaults:5 | Gained mutation: You are frail. (-10% HP) [potion of
                  | mutation]
 50426 | Vaults:5 | Gained mutation: Your spells are a little harder to cast,
                  | but a little more powerful. [potion of mutation]
 50787 | Slime:1  | Entered Level 1 of the Pits of Slime
 50897 | Slime:5  | Entered Level 5 of the Pits of Slime
 51163 | Slime:5  | Found the +8 longbow "Zephyr" {speed, Dex+3 SInv}
 51176 | Slime:5  | Gained mutation: You are very clumsy. (Dex -4) [a shining
                  | eye]
 51496 | Slime:5  | Found a viscous altar of Jiyva.
 51657 | Slime:5  | Noticed the Royal Jelly
 51664 | Slime:5  | Killed the Royal Jelly
 51737 | Slime:5  | Identified the +0 dagger "Hentoor" {spect, *Slow rElec
                  | Dex+3 SInv}
 52001 | Slime:5  | Got a slimy rune of Zot
 52002 | Slime:5  | Identified the +4 scale mail "Paihuriamm" {^Drain rC++
                  | Str+4 Stlth+}
 52019 | Slime:5  | Identified the +3 shortbow "Troll's Curse" {freeze, rC+
                  | Int+2 Dex+3 Stlth-}
 52184 | Slime:5  | Identified the +9 giant spiked club "Kieriogo" {freeze,
                  | rElec Dex+2 Stlth+}
 52191 | Slime:5  | Identified the death talisman "Igouney" {Fly rC+ Stlth+}
 52713 | Depths:4 | Voluntarily entered the Abyss.
 52838 | Abyss:2  | Found a corrupted altar of Lugonu.
 52840 | Abyss:2  | Found a corrupted altar of Lugonu.
 52840 | Abyss:2  | Found a corrupted altar of Lugonu.
 53466 | Abyss:3  | Gained mutation: You are weak. (Str -2) [a neqoxec]
 53672 | Abyss:3  | Reached XP level 26. HP: 246/246 MP: 26/26
 53706 | Abyss:3  | Gained mutation: Your magical capacity is low. (-10% MP) [a
                  | neqoxec]
 53801 | Abyss:3  | Paralysed by accursed screaming for 1 turns
 53845 | Abyss:3  | Reached skill level 15 in Translocations
 54023 | Abyss:3  | Got an abyssal rune of Zot
 54203 | Depths:4 | Escaped the Abyss
 54542 | Vaults:4 | Bought a scroll of teleportation for 81 gold pieces
 54542 | Vaults:4 | Bought a scroll of teleportation for 81 gold pieces
 54911 | Shoals:4 | Bought a scroll of blinking for 315 gold pieces
 54937 | Shoals:4 | Bought a potion of resistance for 120 gold pieces
 54937 | Shoals:4 | Bought a potion of resistance for 120 gold pieces
 55288 | Pan      | Entered the realm of Mnoleg.
 55288 | Pan      | Entered Pandemonium
 55374 | Pan      | Lost mutation: Your magical capacity is low. (-10% MP) [a
                  | cacodemon]
 55404 | Pan      | Gained mutation: You occasionally lose the ability to drink
                  | potions when taking damage. [a cacodemon]
 55407 | Pan      | Gained mutation: You occasionally shout uncontrollably at
                  | your foes. [a cacodemon]
 55408 | Pan      | Gained mutation: You are very weak. (Str -4) [a neqoxec]
 55409 | Pan      | Gained mutation: Armour fits poorly on your strangely
                  | shaped body. [a neqoxec]
 55464 | Pan      | Gained mutation: You sometimes lose your temper in combat.
                  | [a neqoxec]
 55468 | Pan      | Lost mutation: Armour fits poorly on your strangely shaped
                  | body. [potion of mutation]
 55468 | Pan      | Lost mutation: You sometimes lose your temper in combat.
                  | [potion of mutation]
 55468 | Pan      | Gained mutation: You frequently scream uncontrollably at
                  | your foes. [potion of mutation]
 55469 | Pan      | Lost mutation: You are frail. (-10% HP) [potion of
                  | mutation]
 55469 | Pan      | Lost mutation: You occasionally lose the ability to drink
                  | potions when taking damage. [potion of mutation]
 55469 | Pan      | Gained mutation: You regenerate. [potion of mutation]
 55615 | Pan      | Noticed Ignacio
 55624 | Pan      | Killed Ignacio
 55973 | Pan      | Gained mutation: Your magical capacity is low. (-10% MP) [a
                  | neqoxec]
 55997 | Pan      | Gained mutation: You are vulnerable to heat. (rF-) [a
                  | neqoxec]
 56039 | Pan      | Noticed Mnoleg
 56086 | Pan      | Killed Mnoleg
 56113 | Pan      | Lost mutation: You frequently scream uncontrollably at your
                  | foes. [a cacodemon]
 56123 | Pan      | Got a glowing rune of Zot
 56227 | Pan      | Entered the realm of Gloorx Vloq.
 56481 | Pan      | Noticed Gloorx Vloq
 56730 | Pan      | Killed Gloorx Vloq
 56743 | Pan      | Got a dark rune of Zot
 56881 | Pan      | Found an exit through the horrors of the Abyss.
 56915 | Pan      | Reached XP level 27. HP: 282/282 MP: 24/24
 57262 | Pan      | Identified the amulet of Diuloamerecs {Faith Harm Dex+7}
 57264 | Pan      | Noticed a seraph
 57280 | Pan      | Killed a seraph
 57337 | Pan      | Found a glowing golden altar of the Shining One.
 57347 | Pan      | Identified the ring "Voqon" {rN+ Str+2 Dex+5 Stlth+}
 57349 | Pan      | Got a demonic rune of Zot
 57352 | Pan      | Got Tikumach's Sorcery, Part Three
 57360 | Pan      | Identified the +3 long sword of Truncation {heavy, *Slow
                  | rF+++ rN+ rCorr}
 57770 | Pan      | Noticed Faocum the pandemonium lord
 57955 | Pan      | Found an ancient bone altar of Kikubaaqudgha.
 58005 | Pan      | Noticed Jannes the pandemonium lord
 58010 | Pan      | Gained mutation: You frequently scream uncontrollably at
                  | your foes. [a cacodemon]
 58011 | Pan      | Gained mutation: Your magical capacity is very low. (-20%
                  | MP) [a cacodemon]
 58152 | Pan      | Killed Jannes the pandemonium lord
 58230 | Pan      | Entered the realm of Cerebov.
 58318 | Pan      | Found an exit through the horrors of the Abyss.
 58549 | Pan      | Identified the +0 robe of Cheibriados's Grace {Str+3
                  | Slay+4}
 58651 | Pan      | Found the +6 sword of Cerebov {flame}
 58651 | Pan      | Noticed Cerebov
 58842 | Pan      | Identified the ring "Biel" {+Blink Int+6 Dex+4}
 59009 | Pan      | Killed Cerebov
 59160 | Pan      | Identified the +4 shortbow "Axaamus" {elec, Str+4 Dex+4}
 59161 | Pan      | Identified the staff "Zuotos" {^Fragile rN+ Int+5 Dex+3
                  | Stlth- Necro}
 59207 | Pan      | Got a fiery rune of Zot
 59694 | Pan      | Noticed Macyufec the pandemonium lord
 59766 | Pan      | Found an exit through the horrors of the Abyss.
 60077 | Pan      | Found an exit through the horrors of the Abyss.
 60078 | Pan      | Found a runed translucent door.
 60083 | Pan      | Found a runed translucent door.
 60190 | Pan      | Noticed Beytud the pandemonium lord
 60661 | Pan      | Gained mutation: You are very vulnerable to heat. (rF--) [a
                  | cacodemon]
 60691 | Pan      | Identified the ring of the Lizard {Ice ^Contam rElec Str+6}
 60691 | Pan      | Paralysed by accursed screaming for 1 turns
 60695 | Pan      | Paralysed by accursed screaming for 2 turns
 60754 | Pan      | Reached skill level 5 in Spellcasting
 60814 | Pan      | Noticed Cofu the pandemonium lord
 60822 | Pan      | Killed Cofu the pandemonium lord
 61198 | Pan      | Noticed Udeef the pandemonium lord
 61251 | Pan      | Entered the realm of Lom Lobon.
 61251 | Pan      | Noticed Lom Lobon
 61262 | Pan      | Killed Lom Lobon
 61290 | Pan      | Got a magical rune of Zot
 61947 | Pan      | Found an exit through the horrors of the Abyss.
 62329 | Pan      | Found an exit through the horrors of the Abyss.
 62517 | Pan      | Took an exit into the Abyss.
 62517 | Abyss:3  | Escaped into the Abyss
 62530 | Depths:2 | Escaped the Abyss
 62531 | Depths:2 | Upgraded the game from 0.32-a0-913-g739538afd8 to
                  | 0.32-a0-918-g0f22ef8d61
 62631 | Hell     | Killed Geryon
 62649 | Hell     | Found a gateway to the ashen valley of Gehenna.
 62692 | Hell     | Reached skill level 10 in Spellcasting
 62871 | Hell     | Found a gateway to the decaying netherworld of Tartarus.
 62949 | Hell     | Reached skill level 5 in Evocations
 62951 | Hell     | Found a gateway to the freezing wastes of Cocytus.
 63141 | Hell     | Found a gateway to the Iron City of Dis.
 63514 | Vaults:4 | Bought an embroidered hat for 189 gold pieces
 63878 | Shoals:4 | Bought a shiny helmet for 187 gold pieces
 63878 | Shoals:4 | Bought a runed hat for 175 gold pieces
 63878 | Shoals:4 | Bought an embroidered scarf for 200 gold pieces
 64405 | Zot:1    | Entered Level 1 of the Realm of Zot
 64437 | Zot:1    | Reached skill level 1 in Armour
 64528 | Zot:1    | Noticed an orb of fire
 64531 | Zot:1    | Killed an orb of fire
 64816 | Zot:1    | Lost mutation: Your magical capacity is very low. (-20% MP)
                  | [potion of mutation]
 64816 | Zot:1    | Lost mutation: You are very vulnerable to heat. (rF--)
                  | [potion of mutation]
 64816 | Zot:1    | Lost mutation: You are very clumsy. (Dex -4) [potion of
                  | mutation]
 66124 | Zot:2    | Reached skill level 5 in Armour
 67406 | Zot:3    | Noticed Parghit
 67411 | Zot:3    | Killed Parghit
 68229 | Zot:5    | Entered Level 5 of the Realm of Zot
 68839 | Zot:5    | Noticed an orb of fire
 68844 | Zot:5    | Gained mutation: You are dopey. (Int -2) [an orb of fire]
 68851 | Zot:5    | Killed an orb of fire
 68929 | Zot:5    | Noticed an orb of fire
 68954 | Zot:5    | Killed an orb of fire
 69213 | Zot:5    | Noticed an ancient lich
 69229 | Zot:5    | Killed an ancient lich
 69563 | Zot:5    | Noticed an orb of fire
 69969 | Zot:5    | Noticed an orb of fire
 69969 | Zot:5    | Noticed an orb of fire
 69978 | Zot:5    | Gained mutation: Your magical capacity is very low. (-20%
                  | MP) [an orb of fire]
 69983 | Zot:5    | Killed an orb of fire
 70051 | Zot:5    | Gained mutation: You are frail. (-10% HP) [an orb of fire]
 70058 | Zot:5    | Killed an orb of fire
 70199 | Zot:5    | Gained mutation: Your magical capacity is extremely low.
                  | (-30% MP) [an orb of fire]
 70203 | Zot:5    | Gained mutation: You occasionally lose the ability to drink
                  | potions when taking damage. [an orb of fire]
 70204 | Zot:5    | Killed an orb of fire
 70205 | Zot:5    | Lost mutation: You are clumsy. (Dex -2) [potion of
                  | mutation]
 70205 | Zot:5    | Lost mutation: Your magical capacity is extremely low.
                  | (-30% MP) [potion of mutation]
 70205 | Zot:5    | Gained mutation: You are very vulnerable to heat. (rF--)
                  | [potion of mutation]
 70205 | Zot:5    | Lost mutation: You occasionally lose the ability to drink
                  | potions when taking damage. [potion of mutation]
 70206 | Zot:5    | Lost mutation: You are dopey. (Int -2) [potion of mutation]
 70206 | Zot:5    | Lost mutation: You are very vulnerable to heat. (rF--)
                  | [potion of mutation]
 70206 | Zot:5    | Gained mutation: You have hidden genetic defects. [potion
                  | of mutation]
 70206 | Zot:5    | Lost mutation: You have hidden genetic defects. [potion of
                  | mutation]
 70206 | Zot:5    | Lost mutation: You are very weak. (Str -4) [potion of
                  | mutation]
 70294 | Zot:5    | Got the Orb of Zot
 70789 | D:3      | Noticed Seynueps the pandemonium lord
 70790 | D:3      | Killed Seynueps the pandemonium lord
 70849 | D:$      | Escaped with the Orb!

Illustrated notes

Levels and vault maps discovered:
D:1:      minmay_arrival_semitransparent, layout_rooms, serial_corexii_hall,
          chequers_hall_statues_wall_a, corexii_hall_statues_s,
          corexii_hall_statues_l, chequers_hall_statues_y
D:2:      layout_loops_corners, ebering_ecumenical_altar_petrified,
          minmay_randomly_rotated_circles
D:3:      layout_loops_cross, due_unseen_surprise
D:4:      minmay_wonky_spiral, layout_loops_ring,
          mainiacjoe_overflow_small_starburst, serial_co_window_serial,
          co_window_cross_1, co_window_paths_b, co_window_paths_b,
          co_window_paths_a, co_window_paths_a, co_window_paths_c,
          co_window_broadway_a, co_window_corner_cb, co_window_of_opportunity_c,
          co_window_corner_b, co_window_paths_c, co_window_broadway_a,
          co_window_4corner_b, co_window_paths_d, glass_columns_a,
          glass_columns_a, glass_columns_a, glass_columns_c,
          portal_sewer_entry_f
D:5:      layout_basic, nicolae_overflow_squiral, mainiacjoe_overflow_alcove_2,
          serial_shops, nicolae_shop_tiny_statue_garden, shop, shop,
          kennysheep_mini_moat, shop, minmay_misc_feat_columns, minivault_26,
          kennysheep_generic_room_15
D:6:      layout_loops_ring, uniq_edmund, uniq_duvessa, uniq_jeremiah
D:7:      wad_woods_tower, layout_basic, minmay_temple_entry_proselytizer
D:8:      layout_basic, grunt_temple_overflow_champion_of_chaos
D:9:      layout_basic, hangedman_ranch
D:10:     layout_loops_ring, mainiacjoe_overflow_alcove_4,
          grunt_temple_overflow_cloverleaf, mainiacjoe_overflow_boulevard,
          mainiacjoe_overflow_chevrons, mainiacjoe_overflow_alcove_1,
          serial_bayou_lagoon_b
D:11:     kennysheep_ambush_hall, layout_long_grid, erik_orc_1,
          grunt_decor_junction
D:12:     layout_grid_maze, grunt_decor_one_mirror
D:13:     layout_basic, gauntlet_entry_generic, serial_shops, shop,
          grunt_gozag_breadcrumbs
D:14:     layout_roguey, hellmonk_vaults_attempted_burglary,
          chequers_serial_rivers_large_b, serial_shops,
          nicolae_shop_bloodbath_and_beyond, minmay_misc_feat_diagonals,
          small_statue_intersection, okawaru_altar_gauntlet_db, uniq_azrael
D:15:     hellmonk_depths_entry_around_the_bend, layout_basic,
          nicolae_triple_integral, grunt_qazlal_clouds
Lair:1:   layout_regular_city, nicolae_volcano_entry_vermiform,
          beast_lair_carwin_2, serial_bayou_shore_b
Lair:2:   layout_layer_cave, minmay_shoals_entry_beasts,
          chequers_serial_rivers_micro_c, st_stairs_13
Lair:3:   layout_regular_city, guppyfry_snake_entry_garden, grunt_megastairs_3
Lair:4:   layout_cave_shapes, dpeg_slime_entry_enclosed
Lair:5:   grunt_lair_end_beastmaster, layout_regular_city,
          infiniplex_staircase_pool_2
Shoals:1: layout_shoals, serial_shops, shop, uniq_nikola, uniq_roxanne,
          uniq_kirke
Shoals:2: layout_shoals, nicolae_shop_gadgets
Shoals:3: layout_shoals, nicolae_shoals_arrival_archipelago, uniq_polyphemus
Shoals:4: shoals_end_simple, layout_shoals, serial_shops, shop_statue, shop,
          nicolae_shop_advertising_works [nicolae_subvault_shop_adworks],
          nicolae_shop_tiny_real_fake_doors, shop,
          nicolae_shop_overcharged_wands
Snake:1:  layout_misc_corridors
Snake:2:  layout_rooms, uniq_saint_roka
Snake:3:  layout_honeycomb
Snake:4:  grunt_snake_rune_pools, layout_cave_town, basic_altar, serial_library,
          serial_library_hellmonk_room_a, serial_library_hellmonk_layered_room,
          serial_library_hellmonk_small_corner,
          serial_library_hellmonk_reading_circle,
          serial_library_hellmonk_junction, serial_library_regret_index_turning,
          serial_library_hellmonk_room_c, minmay_shoptagon, uniq_aizul
Slime:1:  layout_caves
Slime:2:  layout_caves, special_room [special_room_jelly]
Slime:3:  nicolae_slime_infinislime, layout_caves, nicolae_slime_crime_time
Slime:4:  layout_caves
Slime:5:  slime_pit_nicolae_inversion
Orc:1:    layout_caves, special_room [special_room_bee], serial_shops,
          nicolae_shop_rolling_square
Orc:2:    st_orc_elflike, layout_diamond_mine
Elf:1:    eino_elf_arrival_shootout, layout_onion_city, basic_altar,
          regret_index_elf_centigrade
Elf:2:    nicolae_elf_blades_crystal_corner, layout_geoelf_grid, basic_altar
Elf:3:    elf_hall_gauntlet_wide, layout_geoelf_octagon, nicolae_custom_books
Vaults:1: ebering_ghost_reflecting_pool, v_misc_24,
          ontoclasm_vaults_loading_screen, v_misc_19,
          hangedman_vaults_variations, nicolae_vaults_border_crossing,
          nicolae_vaults_diamond_2, nicolae_vaults_shelves_hall,
          nicolae_vaults_more_shelving_1, hangedman_vaults_trim,
          vaults_mumra_chevron_long, nicolae_vaults_storing_the_good_stuff,
          layout_vaults_ring, serial_shops, shop
Vaults:2: nicolae_vaults_tetromino_L_1, v_alt_pattern_3,
          nicolae_vaults_alarming, nicolae_vaults_little_squares_1,
          v_alt_pattern_2, nicolae_vaults_network_s, vaults_dpeg_encased_lava,
          nicolae_vaults_sealed_display, nicolae_vaults_apartment_1,
          nicolae_vaults_closet_pinwheel_1, layout_vaults_maze_bifur,
          serial_shops, nicolae_shop_tiny_waterfront
Vaults:3: grunt_vaults_hallway_long, nicolae_vaults_double_plus_1,
          minmay_crypt_entry_skeletal_spiral, hangedman_vaults_restitches,
          ontoclasm_vaults_twist, v_misc_23, v_rooms_5,
          nicolae_vaults_closet_pinwheel_4, nicolae_vaults_storage_room_glass,
          nicolae_vaults_little_squares_2, layout_vaults_big_room, serial_shops,
          shop, uniq_norris
Vaults:4: nicolae_vaults_doubleplus_tesselated, nicolae_vaults_what_the_h,
          v_misc_33, nicolae_vaults_variable_pillar_hall,
          nicolae_vaults_stand_back, nicolae_vaults_octothorpe,
          serial_library_hellmonk_semicircle, v_pattern_3,
          layout_vaults_omnicross, serial_shops, shop, shop, shop,
          nicolae_shop_pleasant_corner_grove, shop, uniq_mennas
Vaults:5
Crypt:1:  layout_gridlike
Crypt:2:  layout_regular_city, amcnicky_mini_pool_small, uniq_boris
Crypt:3:  church_of_pain_bobbens, layout_chaotic_city,
          nicolae_tomb_entry_rubble_hallway, uniq_margery
Depths:1: minmay_the_grid_triangle_9x9_recursive_2_mashed
          [minmay_the_grid_triangle_9x9_prize_schism,
          minmay_the_grid_triangle_9x9_sparse_checkered,
          minmay_the_grid_triangle_9x9_dagger,
          minmay_the_grid_triangle_9x9_intruding_spiral], layout_long_grid,
          abyss_entry_glasseish, corexii_hall_statues_u,
          pf_hell_entry_tar_river, minmay_misc_feat_more_columns,
          ashenzari_altar_1
Depths:2: hellmonk_hyper_hexagons [hex_subvault_double_channel,
          hex_subvault_village, hex_subvault_angles,
          hex_subvault_ellipse_pattern, hex_subvault_octagon,
          hex_subvault_empty], hell_entry, pan_entry
Depths:3: regret_index_qazlal_generations, layout_cave_shapes,
          grunt_hell_entry_dis_mu, serial_sigils_hangedman_carve, pan_entry,
          abyss_entry_small_statue_room
Depths:4: grunt_zot_entry_bicorn, layout_gridlike, enter_ziggurat_e,
          abyss_entry, pf_vacation_house_of_asmodeus, uniq_enchantress,
          uniq_sojobo, uniq_josephina
Hell
Zot:1:    regret_index_malice_mire, layout_onion_interference,
          hangedman_zot_diagonal_lockstep
Zot:2:    layout_gridville
Zot:3:    layout_basic, nicolae_zig_zag_zippers, uniq_parghit
Zot:4:    layout_misc_corridors, regret_index_zotdec_gossamer_gf,
          hangedman_zot_decor_unnerving_road
Zot:5:    layout_onion, skrybe_zot_glass_3

Skill      XL: |  1  2  3  4  5  6  7  8  9 10 11 12 13 14 15 16 17 18 19 20 21 22 23 24 25 26 27 |
---------------+----------------------------------------------------------------------------------+-----
Shields        | 3 4 5 6 7 8 9 10 11 12 13 14 15 16 | 16.8
Fighting       | 3 4 5 6 7 8 9 10 11 12 13 14 15 16 17 18 | 18.1
Dodging        | 3 4 5 6 7 8 9 10 | 10.1
Unarmed Combat | 3 4 5 6 9 12 14 15 16 17 18 19 20 21 23 24 | 24.4
Translocations | 1 3 4 5 6 10 14 18 22 | 22.8
Spellcasting   | 2 3 12 | 12.6
Shapeshifting  | 3 7 12 16 17 18 19 20 21 22 23 | 23.3
Evocations     | 3 4 9 |  9.7
Armour         | 8 |  8.9

Action                     |  1- 3 |  4- 6 |  7- 9 | 10-12 | 13-15 | 16-18 | 19-21 | 22-24 | 25-27 || total
---------------------------+-------+-------+-------+-------+-------+-------+-------+-------+-------++-------
  Melee: Unarmed           |    91 |   204 |   343 |   578 |  1146 |  1032 |  1120 |  1294 |  3611 ||  9419
   Fire: Sling             |       |       |     4 |     6 |       |       |       |       |       ||    10
  Throw: Dart              |       |       |    10 |    50 |     3 |       |       |       |       ||    63
         Javelin           |       |       |       |       |       |       |       |     1 |     2 ||     3
   Cast: Lesser Beckoning  |       |       |       |       |       |       |       |       |     2 ||     2
         Manifold Assault  |       |       |       |       |       |       |       |       |   158 ||   158
         Blink             |       |       |       |       |       |       |       |       |     4 ||     4
 Invoke: Serpent's Lash    |       |       |       |     1 |     3 |     2 |     1 |     2 |    18 ||    27
         Heavenly Storm    |       |       |       |       |     1 |     1 |     2 |     3 |     5 ||    12
Ability: Lunge             |       |    14 |    23 |    49 |   130 |   135 |    84 |   123 |   276 ||   834
         Whirlwind         |       |     3 |    21 |    40 |   120 |   273 |   191 |   267 |   772 ||  1687
         Wall Jump         |       |       |       |       |       |       |       |       |     1 ||     1
  Evoke: Wand              |       |       |       |     6 |     1 |       |     2 |       |       ||     9
         Lightning rod     |       |       |       |       |       |     2 |       |    10 |     8 ||    20
         Tin of tremorston |       |       |       |       |       |       |       |     2 |       ||     2
         Phantom mirror    |       |       |       |       |       |       |       |       |     2 ||     2
    Use: Scroll            |       |       |       |    21 |    15 |     6 |     1 |    16 |    23 ||    82
         Potion            |       |       |       |     4 |     5 |       |     2 |    12 |    15 ||    38
   Stab: Sleeping          |     1 |       |     1 |     3 |    15 |     6 |     1 |     4 |     4 ||    35
         Petrifying        |       |       |       |     1 |       |       |       |       |       ||     1
         Distracted        |       |       |       |       |     4 |     2 |     1 |     2 |    10 ||    19
 Armour: Robe              |    62 |    83 |   129 |   271 |   316 |       |       |       |       ||   861
         Skin              |       |       |       |       |   113 |   637 |   789 |   875 |  2403 ||  4817
  Dodge: Dodged            |    33 |   104 |   155 |   301 |   398 |   530 |   512 |   379 |   868 ||  3280
  Block: Kite shield       |    35 |    96 |   124 |   208 |   270 |       |       |       |       ||   733
         Tower shield      |       |       |       |       |   552 |  1480 |  1400 |  1485 |  4450 ||  9367
         Reflection        |       |       |       |       |    38 |   104 |    71 |    54 |   110 ||   377
   Form: Statue            |       |       |       |       |     1 |     1 |       |     1 |     1 ||     4
                           |       |       |       |       |       |     1 |       |       |       ||     1
         Death             |       |       |       |       |       |       |       |     1 |     1 ||     2

Table legend: (Time is in decaauts)
 A = Elapsed time spent in this place.
 B = Non-inter-level travel time spent in this place.
 C = Inter-level travel time spent in this place.
 D = Time resting spent in this place.
 E = Time spent auto-exploring this place.
 F = Levels seen in this place.
 G = Mean time per level.
                   A        B        C        D        E       F      G
               +--------+--------+--------+--------+--------+-----+--------+
         Total |  92170 |  79099 |  13071 |  12237 |  36400 |  81 | 1137.9 |
       Dungeon |  20333 |  15517 |   4816 |   2431 |   9028 |  15 | 1355.5 |
          Lair |   6800 |   5433 |   1367 |    872 |   2958 |   5 | 1360.0 |
        Shoals |   5376 |   4319 |   1057 |    279 |   2544 |   4 | 1344.0 |
     Snake Pit |   5497 |   4930 |    567 |    595 |   2929 |   4 | 1374.2 |
    Slime Pits |   2319 |   2237 |     82 |   1035 |    384 |   5 |  463.8 |
  Orcish Mines |   1277 |    924 |    353 |     25 |    390 |   2 |  638.5 |
   Elven Halls |   4825 |   4243 |    582 |    489 |   2560 |   3 | 1608.3 |
        Vaults |  10410 |   8071 |   2339 |    781 |   5149 |   5 | 2082.0 |
         Crypt |   4249 |   4002 |    247 |    379 |   2595 |   3 | 1416.3 |
        Depths |   8795 |   7513 |   1282 |   1667 |   3732 |   4 | 2198.8 |
          Hell |    950 |    892 |     58 |      0 |    537 |   1 |  950.0 |
           Zot |   8500 |   8183 |    317 |   2299 |   3264 |   5 | 1700.0 |
         Abyss |   2041 |   2041 |      0 |     19 |      0 |   4 |  510.2 |
   Pandemonium |  10295 |  10295 |      0 |   1278 |    175 |  20 |  514.8 |
      Gauntlet |    497 |    497 |      0 |     84 |    153 |   1 |  497.0 |
               +--------+--------+--------+--------+--------+-----+--------+

Top non-repeatable levels by time:
   Zot:5: 3056 daAuts
    D:14: 2528 daAuts
Depths:2: 2517 daAuts
    D:11: 2482 daAuts
Depths:3: 2452 daAuts
Vaults:1: 2426 daAuts
Vaults:3: 2393 daAuts
   Elf:3: 2373 daAuts
Vaults:4: 2370 daAuts
   Zot:1: 2151 daAuts
 Slime:5: 2103 daAuts
    D:10: 2022 daAuts
Depths:4: 2008 daAuts
Shoals:4: 1977 daAuts
    D:15: 1966 daAuts
